 Dungeon Crawl Stone Soup version 0.29-a0-483-g69413ace17 (webtiles) character file.

Game seed: 6355354608921535706

767 snarfax the Cleaver (level 7, 0/85 HPs)
             Began as a Hill Orc Berserker on May 25, 2022.
             Was a Believer of Trog.
             Killed from afar by an orc wizard (6 damage)
             ... with a magic dart
             ... on level 5 of the Dungeon.
             The game lasted 00:13:12 (5025 turns).

snarfax the Cleaver (Hill Orc Berserker)            Turns: 5025, Time: 00:13:13

Health: 0/85       AC: 10    Str: 22    XL:     7   Next: 82%
Magic:  2/7        EV: 10    Int:  7    God:    Trog [**....]
Gold:   220        SH:  0    Dex: 10    Spells: 6/6 levels left

rFire   . . .      SeeInvis .   f - +0 war axe
rCold   . . .      Faith    .   (no shield)
rNeg    . . .      Spirit   .   h - +1 scale mail {rPois}
rPois   +          Reflect  .   m - +0 helmet
rElec   .          Harm     .   (no cloak)
rCorr   .          Rampage  .   c - +1 pair of gloves {infuse}
Will    ++...                   (no boots)
Stlth   ..........              (no amulet)
HPRegen 1.24/turn               (no ring)
MPRegen 0.10/turn               (no ring)

@: berserking, strong-willed (expiring), regenerating (expiring), very quick
A: no striking features
a: Renounce Religion, Convert to Beogh, Berserk, Trog's Hand


You were on level 5 of the Dungeon.
You worshipped Trog.
Trog was pleased with you.
You visited 1 branch of the dungeon, and saw 6 of its levels.

You collected 220 gold pieces.

Inventory:

Hand Weapons
 a - a +0 hand axe
 f - a +0 war axe (weapon)
Missiles
 q - 14 poisoned darts (quivered)
 t - 5 boomerangs
Armour
 b - a +0 animal skin
 c - a +1 pair of gloves of infusion (worn)
 h - a +1 scale mail of poison resistance (worn)
 i - a +0 ring mail
 j - a +0 pair of gloves
 m - a +0 helmet (worn)
Wands
 k - a wand of iceblast (1)
Scrolls
 g - 3 scrolls of magic mapping
 n - 2 scrolls of immolation {unknown}
 o - 4 scrolls of blinking {unknown}
 p - a scroll of teleportation {unknown}
Potions
 d - 2 potions of cancellation
 e - 2 potions of mutation
 l - a potion of lignification {unknown}
 r - a potion of invisibility {unknown}
 u - a potion of brilliance {unknown}


   Skills:
 - Level 3.6 Fighting
 + Level 11.6 Axes
 - Level 2.1 Armour
 - Level 1.5 Dodging


You had 6 spell levels left.
You didn't know any spells.
Your spell library was empty.

Dungeon Overview and Level Annotations

Branches:
Dungeon (6/15)
 Temple: D:4-7

Altars:
Elyvilon
Xom


Message History

Menkaure is moderately damaged.
The orc wizard casts a spell.
The orc wizard flickers and vanishes!
Deactivating autopickup; reactivate with Ctrl-A.
Menkaure hits you!
The air fills with toxic fumes!
As you read the scroll of poison, it crumbles to dust.
Menkaure hits you.
* * * LOW HITPOINT WARNING * * *
You barely miss Menkaure.
Menkaure is moderately damaged.
You slash Menkaure!
Menkaure is almost destroyed.
Menkaure mumbles some strange words.
Menkaure seems to speed up.
You completely miss Menkaure.
Menkaure is almost destroyed.
Menkaure hits you!
* * * LOW HITPOINT WARNING * * *
Your skin crawls.
You feel strong-willed. Menkaure hits you.
* * * LOW HITPOINT WARNING * * *
A red film seems to cover your vision as you go berserk!
You feel yourself moving faster!
You feel mighty! Menkaure hits you.
* * * LOW HITPOINT WARNING * * *
Menkaure barely misses you.
You slash Menkaure!
You destroy Menkaure!
Trog accepts your kill.
Trog appreciates your killing of a magic user.
The orc priest calls upon Beogh to heal the orc.
The orc's wounds heal themselves!
You closely miss something.
You feel the effects of Trog's Hand fading.
You slash something!
You hear some strange, mumbled words.
A magic dart appears from out of thin air!
The magic dart hits you.
You die...

§ §§☼
########.§○§§
#☼§☼§@{oo§§☼§
#§###########
#.# #......#
#.# #.####.#
#.# #....#.#
#.# #..#.#.#
#.# #..#.#.#
#.####..#.#.#
#.......#<#.#


You could see an orc priest and an orc.

Vanquished Creatures
  Grinder (D:5)
  Menkaure (D:5)
  A black bear (D:5)
  An ogre (D:5)
  A jelly (D:4)
  A hound (D:4)
  Natasha (D:1)
  Robin (D:3)
  6 adders
  2 gnolls
  2 white imps
  A worm (D:3)
  3 dart slugs
  7 orcs
  5 endoplasms
  A giant cockroach (D:1)
  13 goblins
  7 hobgoblins
  2 jackals (D:4)
  2 quokkas
  13 ball pythons
  2 bats
  3 frilled lizards
  8 kobolds
  6 rats
91 creatures vanquished.

Notes
Turn   | Place    | Note
-------+----------+-------------------------------------------
     0 | D:1      | snarfax the Hill Orc Berserker began the quest for the Orb.
     0 | D:1      | Reached XP level 1. HP: 19/19 MP: 1/1
   485 | D:1      | Reached XP level 2. HP: 22/26 MP: 2/2
   759 | D:1      | Reached skill level 5 in Axes
  1499 | D:1      | Found a faded altar of an unknown god.
  1547 | D:2      | Noticed Natasha
  1558 | D:1      | HP: 1/26 [Natasha (8)]
  1565 | D:1      | Noticed a crimson imp
  1565 | D:1      | Killed Natasha
  1566 | D:1      | Reached skill level 6 in Axes
  1566 | D:1      | Reached XP level 3. HP: 31/31 MP: 3/3
  1751 | D:2      | Reached ** piety under Trog
  1892 | D:2      | Found a white marble altar of Elyvilon.
  1907 | D:2      | Reached XP level 4. HP: 36/39 MP: 4/4
  2468 | D:3      | You fall into a shaft and drop 3 floors!
  2498 | D:6      | Noticed an acid dragon
  2505 | D:6      | Reached skill level 7 in Axes
  2507 | D:6      | Noticed a bullfrog
  2513 | D:5      | Entered Level 5 of the Dungeon
  2702 | D:5      | Reached XP level 5. HP: 43/45 MP: 5/5
  2735 | D:5      | Noticed Grinder
  2744 | D:5      | Noticed a black bear
  2755 | D:5      | Killed a black bear
  2756 | D:5      | Reached skill level 8 in Axes
  2764 | D:5      | Paralysed by Grinder for 4 turns
  2769 | D:5      | Killed Grinder
  2770 | D:5      | Reached skill level 9 in Axes
  2770 | D:5      | Reached XP level 6. HP: 21/51 MP: 6/6
  2777 | D:5      | Noticed Menkaure
  3057 | D:5      | Reached skill level 10 in Axes
  3057 | D:5      | Reached XP level 7. HP: 34/57 MP: 7/7
  3627 | D:3      | Noticed Robin
  3637 | D:3      | Killed Robin
  4539 | D:4      | Reached skill level 11 in Axes
  4742 | D:4      | Found a shimmering altar of Xom.
  4766 | D:4      | Reached *** piety under Trog
  5022 | D:5      | HP: 3/85 [Menkaure (5)]
  5023 | D:5      | Killed Menkaure
  5025 | D:5      | Killed from afar by an orc wizard

Illustrated notes

Levels and vault maps discovered:
D:1:      dpeg_arrival_solitude, layout_loops_corners,
          shapermc_ecumenical_altar_acropolis, nicolae_figureground_sparkle
D:2:      layout_rooms, basic_altar, uniq_natasha
D:3:      layout_basic, uniq_robin
D:4:      layout_cave_pools, xom_butterflies
D:5:      layout_basic, uniq_grinder, uniq_prince_ribbit1, uniq_pikel,
          uniq_menkaure
D:6:      layout_basic

Skill      XL: |  1  2  3  4  5  6  7 |
---------------+----------------------+-----
Axes           | 6 7 9 10 11 | 11.6
Fighting       | |  3.6
Armour         | |  2.1
Dodging        | |  1.5

Action                   |  1- 3 |  4- 6 |  7- 9 || total
-------------------------+-------+-------+-------++-------
Melee: Hand axe          |    97 |       |       ||    97
       Punch             |     2 |     1 |       ||     3
       War axe           |    22 |    57 |    84 ||   163
Invok: Berserk           |       |       |     1 ||     1
       Trog's Hand       |       |       |     1 ||     1
Evoke: Wand              |       |     6 |       ||     6
  Use: Scroll            |     4 |     2 |     2 ||     8
       Potion            |     2 |     2 |       ||     4
Armor: Animal skin       |    12 |       |       ||    12
       Ring mail         |    18 |    15 |       ||    33
       Scale mail        |       |     2 |    26 ||    28
Dodge: Dodged            |    44 |    26 |    31 ||   101

Table legend: (Time is in decaauts)
 A = Elapsed time spent in this place.
 B = Non-inter-level travel time spent in this place.
 C = Inter-level travel time spent in this place.
 D = Time resting spent in this place.
 E = Time spent auto-exploring this place.
 F = Levels seen in this place.
 G = Mean time per level.
                   A        B        C        D        E       F      G
               +--------+--------+--------+--------+--------+-----+--------+
         Total |   5048 |   4892 |    156 |    942 |   2953 |   6 |  841.3 |
       Dungeon |   5048 |   4892 |    156 |    942 |   2953 |   6 |  841.3 |
               +--------+--------+--------+--------+--------+-----+--------+

Top non-repeatable levels by time:
     D:1: 1636 daAuts
     D:3: 1258 daAuts
     D:4: 830 daAuts
     D:5: 790 daAuts
     D:2: 487 daAuts
     D:6: 44 daAuts
